← All builds
Suicide front / Cortex / Economy first / OBSERVED BUILD

Standard suicide front

Cortex Suicide front build order · Supreme Isthmus

The role's baseline economy-first play: fast Bot Lab, early Advanced Metal Extractor, and a Thug/Grunt/Aggravator mix pushed to hold the middle while teching up.

#raid #push · 1040 distinct matches · 181 players · 73% of Cortex Suicide front games · team won 57% of 1109 · Recently observed

HOW TO PLAY IT

Key timing: Bot Lab by 0:39

  1. Open 3 mex, then rush Bot Lab almost immediately.
  2. Finish Bot Lab and start pushing Thug, Grunt, Aggravator.
  3. Send units straight to middle to contest and stop leaks.
  4. Eat the Bot Lab for metal if 32% of games reach that point.
  5. Transition into Advanced Metal Extractor once middle is stable.

Phase by phase

TYPICAL OF ITS 1040 GAMES
  1. 1
  2. 2
  3. 3
PLAY THE OPENING

Follow the example game's first 6:00 step by step: what to build now, what comes next, and where it goes. At 1× it keeps pace with your own game.

  1. 1

    Up to the Bot Lab

    Economy
    • Metal Extractor2Mex
    Order
    1. Bot LabBot Lab after 2 mexdone ~0:37, middle half 0:27–0:45

    By 0:21 in all: 2 mex

    The example game in this phase · 2 steps
    1. Mex
    2. Bot LabBot Labdone 0:27 · typical 0:37
  2. 2

    Bot Lab to 5:00

    Economy
    • Metal Extractor3Mex
    • Wind Turbine2Wind
    Builders
    • Graverobber4 Graverobber
    • Construction Bot3 Con bot
    Army
    • Guard3 Guard
    • Thug16 Thug
    • Grunt3 Grunt
    Other
    • Radar Tower1 Radar Tower

    Some games also: aggravator (39%) · con turret (30%)

    By 5:00 in all: 5 mex · 3 wind

    The example game in this phase · 41 steps
    1. Wind
    2. GraverobberGraverobber
    3. GuardGuard
    4. Wind
    5. Construction BotCon bot
    6. Wind
    7. GraverobberGraverobber
    8. Construction BotCon bot
    9. Radar TowerRadar Tower
    10. Mex
    11. GruntGrunt
    12. GuardGuard
    13. GruntGrunt
    14. Mex
    15. GruntGrunt ×3
    16. AggravatorAggravator
    17. Mex
    18. GuardGuard
    19. AggravatorAggravator
    20. GuardGuard
    21. AggravatorAggravator
    22. GuardGuard
    23. AggravatorAggravator
    24. GruntGrunt
    25. Mex
    26. GruntGrunt ×4
    27. GuardGuard
    28. GruntGrunt
    29. AggravatorAggravator ×3
    30. GuardGuard
    31. AggravatorAggravator ×2
    32. GuardGuard
    33. AggravatorAggravator ×2
    34. Construction BotCon bot ×2
    35. Con turret
    36. GuardGuard
    37. AggravatorAggravator ×2
    38. GraverobberGraverobber
    39. AggravatorAggravator
    40. GuardGuard
    41. AggravatorAggravator
  3. 3

    5:00 to 10:00

    Economy
    • Metal Extractor1Mex
    • Wind Turbine12Wind
    Builders
    • Construction Turret1 Con turret
    • Graverobber3 Graverobber
    • Construction Bot1 Con bot
    Army
    • Guard1 Guard
    • Thug11 Thug
    • Grunt1 Grunt

    Some games also: aggravator (42%) · Radar Tower (39%) · energy storage (37%) · Twin Guard (31%)

    By 10:00 in all: 6 mex · 16 wind · 2 con turret

    The example game in this phase · 75 steps
    1. AggravatorAggravator ×6
    2. GuardGuard
    3. AggravatorAggravator ×2
    4. Twin GuardTwin Guard
    5. ThugThug ×5
    6. Wind
    7. ThugThug
    8. Wind
    9. ThugThug
    10. Wind
    11. ThugThug
    12. Wind
    13. ThugThug
    14. Wind
    15. Solar
    16. ThugThug
    17. Twin GuardTwin Guard
    18. GraverobberGraverobber
    19. Wind
    20. GraverobberGraverobber
    21. Wind ×2
    22. GraverobberGraverobber
    23. Wind
    24. ThugThug
    25. Twin GuardTwin Guard
    26. Wind
    27. AggravatorAggravator ×2
    28. Wind
    29. AggravatorAggravator
    30. Wind
    31. AggravatorAggravator ×4
    32. Twin GuardTwin Guard
    33. AggravatorAggravator ×2
    34. Advanced Metal ExtractorT2 mexdone 10:17 · typical 9:59
    35. AggravatorAggravator
    36. GraverobberGraverobber
    37. GruntGrunt ×7
    38. Advanced Metal ExtractorT2 mex
    39. GruntGrunt ×3
    40. Con turret
    41. GraverobberGraverobber
    42. Con turret
    43. GruntGrunt ×5
    44. Advanced Metal ExtractorT2 mex
    45. GruntGrunt ×3
    46. Metal storage
    47. GruntGrunt ×2
    48. Advanced solar
    49. GraverobberGraverobber
    50. Advanced Metal ExtractorT2 mex
    51. Advanced solar
    52. Construction BotCon bot ×2
    53. TracerTracer
    54. Advanced solar
    55. Construction BotCon bot
    56. Advanced solar
    57. GruntGrunt ×4
    58. Con turret
    59. GruntGrunt
    60. Mex
    61. GruntGrunt ×3
    62. Bot LabBot Labdone 13:34
    63. GruntGrunt ×2
    64. GraverobberGraverobber
    65. Con turret
    66. GruntGrunt
    67. Con turret
    68. GruntGrunt ×9
    69. GraverobberGraverobber
    70. GruntGrunt ×5
    71. Twin GuardTwin Guard
    72. GruntGrunt ×5
    73. GraverobberGraverobber
    74. GruntGrunt
    75. RattlesnakeRattlesnakenot finished by 15:00

Counts are medians over the build's games: half of them build more, half fewer. The example game is Sevendcell's (30 OS, 12/10/2026); pick another.

Team trades

IN AT LEAST 30% OF ITS GAMES

You hand over

Nothing regular.

You get

  • Tidal Generator4 Tidal from Pondfirst at 0:11 · in 69% of games
  • Advanced Construction Bot1 T2 con bot from Geo or Techfirst at 7:45 · in 55% of games

How it plays out

Typical game of this build, running totals by minute

Metal produced

010k20k
0:005:0010:0015:00

metal

Enemy metal destroyed

05k10k
0:005:0010:0015:00

metal

Own metal lost

05k10k
0:005:0010:0015:00

metal

1109 games.

Show as table
ByMetal produced: This buildEnemy metal destroyed: This buildOwn metal lost: This build
1:0033000
2:0094400
3:002034216172
4:003123732629
5:00427615401402
6:00546125102340
7:00663236373323
8:00782645654355
9:00894152905259
10:001021259936155
11:001156865466953
12:001313570067734
13:001473876918408
14:001637283178923
15:001774489569568
WHAT THE NUMBERS SAY

This baseline wins more often than most other roles' standard builds, with early aggression showing in high kills and losses alike.

  • + Team wins 54% of games, best winrate among the roles shown.
  • + First kill lands very early at 2:07 in all games.
  • − Own metal lost is heavy early, 1439 by 5:00.
  • − Enemy destroyed stays close to own losses through 15:00, a costly front.
THE EXAMPLE YOU ARE READING

Sevendcell

30.0 OS · 12/10/2026

Open source match ↗

7 received units · includes a constructor
2547 metal received · 26117 energy received

Allied construction assistance is unknown. Timings are observations, not a promise of solo reproducibility.

Typical milestones

Bot Lab0:37Middle 50%: 0:27–0:45 · n=1103
Advanced Metal Extractor9:59Middle 50%: 9:01–11:14 · n=693

Played most by

XXMACGAMERXX133games of this build_Hawkey_70games of this build_X_61games of this buildrealisticjo52games of this buildAbyssFalcon45games of this build